 Dungeon Crawl Stone Soup version 0.30-a0-799-g109b55a442 (webtiles) character file.

Game seed: 5962070291217119193

784 bande the Chopper (level 7, -7/44 HPs)
             Began as a Gargoyle Fighter on Feb 21, 2023.
             Mangled by a flying skull (10 damage)
             ... on level 1 of the Abyss.
             The game lasted 00:08:13 (3662 turns).

bande the Chopper (Gargoyle Fighter)                Turns: 3662, Time: 00:08:14

Health: -7/44      AC: 21    Str: 21    XL:     7   Next: 86%
Magic:  7/7        EV:  9    Int:  9    God:
Gold:   155        SH:  8    Dex:  9    Spells: 5/6 levels left

rFire   . . .      SeeInvis .    a - +0 war axe
rCold   . . .      Faith    .    t - +0 kite shield
rNeg    + . .      Spirit   .    l - +2 ring mail {Will+}
rPois   ∞          Reflect  .    r - +2 helmet
rElec   +          Harm     .    o - +2 cloak
rCorr   .          Rampage  .    (no gloves)
Will    +....                    e - +1 pair of boots
Stlth   +                        (no amulet)
HPRegen 0.27/turn                (no ring)
MPRegen 0.10/turn                (no ring)

@: no status effects
A: sickness immunity, AC +4, negative energy resistance 1, electricity
resistance, torment resistance 1, petrification resistance
a: no special abilities


You were on level 1 of the Abyss.
You visited 1 branch of the dungeon, and saw 4 of its levels.
You visited the Abyss 1 time.
You also visited: Sewer.

You collected 155 gold pieces.

Inventory:

Hand Weapons
 a - a +0 war axe (weapon)
 k - a +0 flail
Armour
 b - a +2 scale mail of cold resistance
 c - the +1 chain mail of the Elven Halls {Int+5}
   (You found it on level 4 of the Dungeon)

   Int:       It affects your intelligence (+5).
 e - a +1 pair of boots (worn)
 l - a +2 ring mail of willpower (worn)
 o - a +2 cloak (worn)
 r - a +2 helmet (worn)
 t - a +0 kite shield (worn)
Jewellery
 i - a ring of fire
Wands
 m - a wand of polymorph (4)
 n - a wand of digging (5)
Scrolls
 g - 3 scrolls of teleportation
 h - 8 scrolls of identify
 q - 3 scrolls of enchant armour
 s - a scroll of brand weapon {unknown}
 u - 2 scrolls of fog {unknown}
 y - a scroll of amnesia {unknown}
Potions
 d - 3 potions of might
 p - a potion of cancellation
 v - 2 potions of heal wounds {unknown}
 w - 2 potions of brilliance {unknown}
 x - a potion of lignification {unknown}


   Skills:
 + Level 4.5 Fighting
 + Level 5.1 Axes
 + Level 4.6 Armour
 - Level 0.6 Dodging
 + Level 0.4 Stealth
 + Level 4.3 Shields
 * Level 2.8 Translocations
 * Level 1.6 Evocations


You had 5 spell levels left.
You knew the following spells:

 Your Spells              Type           Power      Damage    Failure   Level
a - Apportation           Tloc           10%        N/A       52%         1

Your spell library contained the following spells:

 Spells                   Type           Power      Damage    Failure   Level
 Lesser Beckoning         Tloc           10%        N/A       65%         2
 Gell's Gravitas          Tloc           5%         N/A       87%         3
 Teleport Other           Tloc           5%         N/A       87%         3
 Beastly Appendage        Tmut           0%         N/A       88%         1
 Wereblood                Tmut           0%         N/A       96%         2
 Spider Form              Tmut/Pois      0%         N/A       99%         3
 Alistair's Intoxication  Tmut/Pois      0%         N/A       100%        5


Dungeon Overview and Level Annotations

Branches:
Dungeon (4/15)              Sewer (visited)
 Temple: D:4-7

Altars:
Cheibriados
Makhleb
Yredelemnul

Annotations:
D:4 Edmund


Innate Abilities, Weirdness & Mutations

You are immune to sickness and miasma.
Your stone body is resilient. (AC +4)
You are immune to poison.
You resist negative energy. (rN+)
You are resistant to electric shocks. (rElec)
You are resistant to unholy torment.
You are immune to petrification.


Message History

The thrashing horror tramples you.
* * * LOW HITPOINT WARNING * * *
The thrashing horror tramples you but does no damage.
The flying skull attacks as you move away!
The flying skull hits you but does no damage.
The thrashing horror tramples you.
* * * LOW HITPOINT WARNING * * *
You hold your ground!
The thrashing horror tramples you but does no damage.
The thrashing horror tramples you but does no damage. x3
The thrashing horror barely misses you.
You hit the thrashing horror but do no damage.
The thrashing horror tramples you but does no damage. x4
You slash the thrashing horror!
The thrashing horror is lightly damaged.
The thrashing horror closely misses you.
You block the thrashing horror's attack.
The flying skull closely misses you.
The thrashing horror tramples you but does no damage.
The thrashing horror tramples you.
* * * LOW HITPOINT WARNING * * *
You hold your ground!
You closely miss the flying skull.
You hit the thrashing horror but do no damage.
The thrashing horror completely misses you.
The thrashing horror tramples you but does no damage.
The flying skull hits you but does no damage.
The ynoxinul gestures.
You block the thrashing horror's attack.
The thrashing horror tramples you but does no damage.
The flying skull hits you but does no damage.
The ynoxinul gestures.
You miss the flying skull. You hit the thrashing horror.
The thrashing horror tramples you but does no damage.
The thrashing horror tramples you.
* * * LOW HITPOINT WARNING * * *
You hold your ground!
The flying skull hits you but does no damage.
The flying skull hits you!
You die...

#...#...#≈≈
.53.##.~. ~
#.#5.5 ....
####.5# #..
##5#.#
#.x## ##5z#
##z# #X@#
####


You could see a thrashing horror, a ynoxinul, a small abomination, 2 flying
skulls and 6 ufetubi.

Vanquished Creatures
  Sigmund (D:3)
  The ghost of GiantSquids the Trooper, an amateur GrBe of Trog (D:3)
  A centaur (D:4)
  A kobold brigand (Sewer)
  Crazy Yiuf (D:2)
  An orc priest (D:4)
  Terence (D:2)
  An iguana (D:4)
  Ijyb (D:3)
  An orc wizard (D:4)
  Robin (D:3)
  7 adders
  2 river rats (Sewer)
  5 worms
  3 dart slugs
  5 orcs
  8 bats
  8 endoplasms
  5 giant cockroaches
  13 goblins
  8 hobgoblins
  3 jackals (D:3)
  4 kobolds
  4 quokkas
  8 ball pythons
  3 frilled lizards
  5 rats
102 creatures vanquished.

Notes
Turn   | Place    | Note
-------+----------+-------------------------------------------
     0 | D:1      | bande the Gargoyle Fighter began the quest for the Orb.
     0 | D:1      | Reached XP level 1. HP: 14/14 MP: 1/1
   231 | D:1      | Reached XP level 2. HP: 18/19 MP: 2/2
   495 | D:1      | Reached skill level 2 in Axes
   574 | D:1      | Reached XP level 3. HP: 24/24 MP: 3/3
   654 | D:1      | Found a faded altar of an unknown god.
   875 | D:2      | Found a basalt altar of Yredelemnul.
   985 | D:2      | Learned a level 1 spell: Apportation
  1073 | D:2      | Noticed Terence
  1084 | D:2      | Killed Terence
  1085 | D:2      | Reached XP level 4. HP: 18/29 MP: 4/4
  1277 | D:2      | Found a runed translucent door.
  1278 | D:2      | Noticed Crazy Yiuf
  1528 | D:2      | Killed Crazy Yiuf
  1529 | D:2      | Reached skill level 3 in Axes
  1621 | D:3      | Noticed Sigmund
  1622 | D:3      | Noticed Ijyb
  1638 | D:3      | Killed Sigmund
  1639 | D:3      | Reached skill level 4 in Axes
  1639 | D:3      | Reached skill level 1 in Translocations
  1639 | D:3      | Reached XP level 5. HP: 17/33 MP: 5/5
  1639 | D:3      | Reached XP level 6. HP: 19/38 MP: 6/6
  1653 | D:3      | Killed Ijyb
  1940 | D:3      | Noticed Robin
  1948 | D:3      | Killed Robin
  2198 | D:3      | Found a runed translucent door.
  2484 | D:3      | Noticed GiantSquids's ghost (amateur GrBe)
  2517 | D:3      | Killed GiantSquids's ghost
  2518 | D:3      | Reached skill level 1 in Evocations
  2518 | D:3      | Reached XP level 7. HP: 19/44 MP: 7/7
  2868 | D:4      | Identified the +1 chain mail of the Elven Halls {Int+5}
  3078 | D:4      | Found a glowing drain.
  3092 | Sewer    | Entered a sewer
  3343 | Sewer    | Reached skill level 5 in Axes
  3557 | D:4      | Noticed Edmund
  3570 | D:4      | Found a burning altar of Makhleb.
  3578 | D:4      | Found a snail-covered altar of Cheibriados.
  3584 | Abyss:1  | Cast into level 1 of the Abyss (Edmund)
  3598 | Abyss:1  | Noticed a ynoxinul
  3616 | Abyss:1  | Noticed a flying skull
  3616 | Abyss:1  | Noticed a flying skull
  3616 | Abyss:1  | Noticed a flying skull
  3620 | Abyss:1  | Noticed a small abomination
  3625 | Abyss:1  | Found a corrupted altar of Lugonu.
  3637 | Abyss:1  | Noticed an orange demon
  3640 | Abyss:1  | Noticed a thrashing horror
  3651 | Abyss:1  | Noticed a spatial vortex
  3662 | Abyss:1  | Mangled by a flying skull

Illustrated notes

Levels and vault maps discovered:
D:1:      elethiomel_arrival_quiet, layout_basic, ebering_ecumenical_altar_box,
          grunt_decor_mini_mirrors
D:2:      layout_rooms, basic_altar, uniq_terence, uniq_crazy_yiuf_cottage
D:3:      layout_basic, ebering_ghost_sewer_d, fountainhead, uniq_sigmund,
          uniq_robin, uniq_ijyb
D:4:      layout_basic, grunt_temple_overflow_open, portal_sewer_entry_b,
          uniq_edmund
Abyss:1:  base: D:3, hangedman_abyss_sting, hangedman_abyss_sting

Skill      XL: |  1  2  3  4  5  6  7 |
---------------+----------------------+-----
Axes           | 2 4 5 |  5.1
Fighting       | 4 |  4.5
Armour         | 4 |  4.6
Translocations | 1 2 |  2.8
Evocations     | 1 |  1.6
Shields        | 4 |  4.3
Dodging        | |  0.6
Stealth        | |  0.4

Action                     |  1- 3 |  4- 6 |  7- 9 || total
---------------------------+-------+-------+-------++-------
  Melee: War axe           |    80 |   148 |   200 ||   428
    Use: Scroll            |     4 |     4 |     1 ||     9
         Potion            |       |       |     2 ||     2
 Armour: Scale mail        |    49 |       |       ||    49
         Ring mail         |     2 |    78 |   192 ||   272
  Dodge: Dodged            |    40 |    66 |   121 ||   227
  Block: Buckler           |    12 |    35 |       ||    47
         Kite shield       |       |       |   107 ||   107

Table legend: (Time is in decaauts)
 A = Elapsed time spent in this place.
 B = Non-inter-level travel time spent in this place.
 C = Inter-level travel time spent in this place.
 D = Time resting spent in this place.
 E = Time spent auto-exploring this place.
 F = Levels seen in this place.
 G = Mean time per level.
                   A        B        C        D        E       F      G
               +--------+--------+--------+--------+--------+-----+--------+
         Total |   3902 |   3855 |     47 |    644 |   1922 |   6 |  650.3 |
       Dungeon |   3310 |   3263 |     47 |    644 |   1701 |   4 |  827.5 |
         Abyss |     79 |     79 |      0 |      0 |      0 |   1 |   79.0 |
         Sewer |    513 |    513 |      0 |      0 |    221 |   1 |  513.0 |
               +--------+--------+--------+--------+--------+-----+--------+

Top non-repeatable levels by time:
     D:3: 1294 daAuts
     D:1: 895 daAuts
     D:2: 741 daAuts
   Sewer: 513 daAuts
     D:4: 378 daAuts
 Abyss:1: 79 daAuts
